 Dungeon Crawl Stone Soup version 0.20-a0-507-gc86f373 (webtiles) character file.

376 Klosterheim the Conjurer (level 6, -2/32 HPs)
             Began as a Deep Elf Conjurer on Jan 21, 2017.
             Slain by esc's ghost (13 damage)
             ... on level 4 of the Dungeon.
             The game lasted 00:09:15 (4332 turns).

Klosterheim the Conjurer (Deep Elf Conjurer)        Turns: 4332, Time: 00:09:16

Health: -2/32      AC:  3    Str:  5    XL:     6   Next: 44%
Magic:  2/16       EV: 13    Int: 22    God:
Gold:   286        SH:  0    Dex: 15    Spells: 10/16 levels left

rFire    . . .     SeeInvis .   n - +0 quarterstaff (protect)
rCold    . . .     Gourm    .   a - +0 robe
rNeg     . . .     Faith    .   (shield currently unavailable)
rPois    .         Spirit   .   i - +0 helmet
rElec    .         Reflect  .   (no cloak)
rCorr    .         Harm     +   (no gloves)
MR       .....                  (no boots)
Stlth    ++........             q - amulet of harm
Regen    0.1/turn               (no ring)
                                (no ring)

@: no status effects
A: no striking features
a: no special abilities


You were on level 4 of the Dungeon.
You were not hungry.

You visited 1 branch of the dungeon, and saw 4 of its levels.
You also visited: Sewer.

You collected 286 gold pieces.

Inventory:

Hand Weapons
 n - a +0 quarterstaff of protection (weapon)
Armour
 a - a +0 robe (worn)
 i - a +0 helmet (worn)
Jewellery
 q - an amulet of harm (around neck)
Scrolls
 e - 2 scrolls of fog {unknown}
 f - 3 scrolls of teleportation {unknown}
 g - a scroll of enchant armour {unknown}
 l - 2 scrolls of remove curse {unknown}
 m - 2 scrolls of enchant weapon {unknown}
 s - a scroll of magic mapping {unknown}
 t - a scroll of random uselessness {unknown}
 u - a scroll of amnesia {unknown}
 w - 2 scrolls of identify
Potions
 h - 2 potions of heal wounds {unknown}
 j - 3 potions of ambrosia
 k - a potion of haste
 o - a potion of berserk rage {unknown}
Books
 b - a book of Conjurations

   Spells                             Type                      Level
   a - Magic Dart                     Conjuration                  1
   b - Searing Ray                    Conjuration                  2
   c - Dazzling Spray                 Conjuration/Hexes            3
   d - Fulminant Prism                Conjuration/Hexes            4
   e - Iskenderun's Mystic Blast      Conjuration                  4
   f - Iskenderun's Battlesphere      Conjuration/Charms           5
 r - a book of Death

   Spells                             Type                      Level
   a - Corpse Rot                     Necromancy                   2
   b - Sublimation of Blood           Necromancy                   2
   c - Agony                          Necromancy                   5
   d - Dispel Undead                  Necromancy                   5
   e - Excruciating Wounds            Charms/Necromancy            5
   f - Bolt of Draining               Conjuration/Necromancy       5
Comestibles
 c - 4 bread rations
 d - 6 chunks of flesh
 p - 4 fruits
 v - a royal jelly


   Skills:
 - Level 2.4 Dodging
 - Level 2.4 Stealth
 + Level 5.8 Spellcasting
 * Level 7.0 Conjurations
 - Level 2.0 Hexes
 * Level 1.3 Necromancy


You had 10 spell levels left.
You knew the following spells:

 Your Spells              Type           Power        Failure   Level  Hunger
a - Magic Dart            Conj           ####         1%          1    None
b - Dazzling Spray        Conj/Hex       ####..       6%          3    ##.....
c - Sublimation of Blood  Necr           ##........   10%         2    None


Dungeon Overview and Level Annotations

Branches:
Dungeon (4/15)
 Temple: D:4-7

Altars:

Annotations:
D:4 esc's ghost, amateur DsGl


Message History

Confirm with . or Enter, or press ? or * to list all spells.
Aiming: Dazzling Spray
Press: ? - help, Shift-Dir - straight line, f/p - esc's ghost
Aim: esc's ghost (heavily damaged)
The spray of energy hits esc's ghost.
Esc's ghost is almost destroyed.
Esc's ghost hits you.
Casting: Dazzling Spray
Confirm with . or Enter, or press ? or * to list all spells.
You don't have enough magic to cast that spell.
Unknown command.
Casting: Dazzling Spray
Confirm with . or Enter, or press ? or * to list all spells.
Aiming: Magic Dart
Press: ? - help, Shift-Dir - straight line, f/p - esc's ghost
Aim: esc's ghost (almost destroyed)
The magic dart hits esc's ghost.
Esc's ghost is almost destroyed.
Esc's ghost hits you!
You die...

##### ....#
######################
....#
#.?....@.#...........#
....+
#......W.#...........#
....#
#........'...........#
....#...
#........#...........#
....#..#
#>.....###########...#
...##..# #......
###'### ...#...#
....... .... #....'.
...#...# .......
...... #....#.
...#...# ......
.......#....#.


You could see esc's ghost.

Vanquished Creatures
  A crocodile (Sewer)
  A crimson imp (D:3)
  2 orc priests (D:4)
  An iguana (D:4)
  A gnoll (D:1)
  5 adders (D:2)
  An ooze (D:3)
  2 worms
  6 dart slugs
  5 leopard geckos (D:4)
  2 orcs (D:4)
  9 bats
  14 giant cockroaches
  4 goblins
  6 hobgoblins
  11 jackals
  5 ball pythons
  6 frilled lizards
  12 kobolds
  13 rats
107 creatures vanquished.

Notes
Turn   | Place    | Note
-------+----------+-------------------------------------------
     0 | D:1      | Klosterheim the Deep Elf Conjurer began the quest for the Orb.
     0 | D:1      | Reached XP level 1. HP: 10/10 MP: 6/6
   131 | D:1      | Reached XP level 2. HP: 14/15 MP: 5/8
   204 | D:2      | Reached skill level 5 in Conjurations
   474 | D:1      | Reached XP level 3. HP: 19/19 MP: 1/10
  1177 | D:2      | Reached XP level 4. HP: 4/24 MP: 0/12
  1898 | D:2      | Reached skill level 6 in Conjurations
  2298 | D:3      | Learned a level 3 spell: Dazzling Spray
  2554 | D:3      | Reached XP level 5. HP: 28/28 MP: 9/14
  2794 | D:3      | Reached skill level 1 in Hexes
  2945 | D:3      | Reached skill level 5 in Spellcasting
  3337 | D:4      | Found a glowing drain.
  3392 | Sewer    | Entered a sewer
  3595 | Sewer    | Noticed a crocodile
  3602 | Sewer    | Killed a crocodile
  3602 | Sewer    | Reached XP level 6. HP: 32/32 MP: 1/16
  3906 | D:4      | Learned a level 2 spell: Sublimation of Blood
  3948 | D:4      | Reached skill level 7 in Conjurations
  3948 | D:4      | Reached skill level 1 in Necromancy
  4326 | D:4      | Noticed esc's ghost (amateur DsGl)
  4332 | D:4      | Slain by esc's ghost

Vault maps used:
D:1:      dpeg_arrival_tiny_g
D:2:      first_bread
D:4:      gup_sewer_entry_pipe, solitary_fountain
Sewer:    sewer_big_baddie

Skill      XL: |  1  2  3  4  5  6 |
---------------+-------------------+-----
Conjurations   | 5 6 7 |  7.0
Spellcasting   | 4 5 |  5.8
Hexes          | 1 2 |  2.0
Necromancy     | 1 |  1.3
Dodging        | |  2.4
Stealth        | |  2.4

Action                   |  1- 3 |  4- 6 || total
-------------------------+-------+-------++-------
Melee: Unarmed           |    22 |       ||    22
       Quarterstaff      |       |     4 ||     4
 Cast: Magic Dart        |    83 |   158 ||   241
       Dazzling Spray    |       |     8 ||     8
  Use: Scroll            |     1 |     5 ||     6
       Potion            |     1 |       ||     1
  Eat: Chunk             |     1 |     9 ||    10
Armor: Robe              |    20 |     9 ||    29
Dodge: Dodged            |    58 |    22 ||    80
